AoeStats
← Darkin

Arena

510722941Analyzed
1v1 RM · 14h ago on Oct 2, 2026· 25m 4s· 2 players
Game mode
Random Map
Map size
Tiny (2 player)
Population
200
Speed
Normal
Resources
Standard
Victory
Conquest
Starting age
Dark Age
Ending age
Imperial Age
RankedLock teamsTeams togetherTeam positionsShared explorationLock speedFull tech treeHidden civsTurbo modeCheats
Victory
Defeat
🇨🇳 Magyars · China
506
+17
🇨🇿 Franks · Czechia
533
-20
Captain_S7
13:01 Feudal Age
14:20 Wheelbarrow
13:32 Double-Bit Axe
13:42 Gold Mining
13:34 Horse Collar
20:24 Castle Age
19:49 Stone Mining
Darkin
1:51 Loom
12:56 Feudal Age
14:23 Wheelbarrow
15:03 Double-Bit Axe
16:39 Forging
16:20 Fletching
16:31 Scale Mail Armor
16:37 Scale Barding Armor
18:09 Gold Mining
18:10 Stone Mining
19:40 Padded Archer Armor
23:25 Castle Age
24:47 Bow Saw
Connection lost

Rejoining the realm…

Still unreachable

The connection could not be restored.

Session expired

The server has moved on; the page needs a fresh start.